 Dungeon Crawl Stone Soup version 0.22.1-2-g9c5b331 (webtiles) character file.

13 Lilu the Grave Robber (level 2, 0/16 HPs)
             Began as a Deep Elf Necromancer on Nov 13, 2018.
             Slain by a jackal (1 damage)
             ... on level 1 of the Dungeon.
             The game lasted 00:05:06 (788 turns).

Lilu the Grave Robber (Deep Elf Necromancer)         Turns: 788, Time: 00:05:07

Health: 0/16       AC:  2    Str:  5    XL:     2   Next: 24%
Magic:  2/8        EV: 13    Int: 19    God:
Gold:   54         SH:  0    Dex: 15    Spells: 5/7 levels left

rFire    . . .     SeeInvis .   e - +0 dagger
rCold    . . .     Gourm    .   (no shield)
rNeg     . . .     Faith    .   a - +0 robe
rPois    .         Spirit   .   (no helmet)
rElec    .         Reflect  .   (no cloak)
rCorr    .         Harm     .   (no gloves)
MR       .....                  (no boots)
Stlth    ++........             (no amulet)
HPRegen  0.05/turn              (no ring)
MPRegen  0.11/turn              (no ring)

@: very slightly contaminated
A: no striking features
a: no special abilities


You were on level 1 of the Dungeon.
You were not hungry.

You visited 1 branch of the dungeon, and saw 1 of its levels.

You collected 54 gold pieces.

Inventory:

Hand Weapons
 e - a +0 dagger (weapon)
Missiles
 k - 25 sling bullets
Armour
 a - a +0 robe (worn)
Scrolls
 b - a scroll of immolation {unknown}
 g - a scroll of blinking {unknown}
 j - a scroll of enchant weapon {unknown}
Potions
 d - a potion of might {unknown}
 h - a potion of haste {unknown}
 i - a potion of lignification {unknown}
Comestibles
 c - 3 rations


   Skills:
 + Level 0.4 Fighting
 + Level 2.7 Dodging
 - Level 2.4 Stealth
 + Level 3.2 Spellcasting
 * Level 5.1 Necromancy


You had 5 spell levels left.
You knew the following spells:

 Your Spells              Type           Power        Failure   Level  Hunger
a - Pain                  Necr           ###.         1%          1    None
b - Animate Skeleton      Necr           N/A          1%          1    None

Your spell library contained the following spells:

 Spells                   Type           Power        Failure   Level  Hunger
 Vampiric Draining        Necr           ###.......   5%          3    ###....
 Regeneration             Chrm/Necr      ##........   16%         3    ###....
 Animate Dead             Necr           N/A          19%         4    ####...


Dungeon Overview and Level Annotations

Branches:
Dungeon (1/15)

Altars:


Message History

Press: ? - help, Shift-Dir - straight line, f/p - jackal
Aim: a jackal (heavily wounded, chance to defeat MR: 91%)
The jackal writhes in agony!
The jackal bites you. x2
Casting: Pain (safe; 1% risk of failure)
Confirm with . or Enter, or press ? or * to list all spells.
Aiming: Pain (safe; 1% risk of failure)
Press: ? - help, Shift-Dir - straight line, f/p - jackal
Aim: a jackal (heavily wounded, chance to defeat MR: 91%)
The jackal writhes in agony!
The jackal closely misses you. The jackal bites you.
The jackal barely misses you.
All of the chunks of flesh in your inventory have rotted away.
Casting: Pain (safe; 1% risk of failure)
Confirm with . or Enter, or press ? or * to list all spells.
Aiming: Pain (safe; 1% risk of failure)
Press: ? - help, Shift-Dir - straight line, f - jackal
Aim: a jackal (lightly wounded, chance to defeat MR: 91%)
The jackal writhes in agony!
The jackal bites you.
* * * LOW HITPOINT WARNING * * *
The jackal bites you.
You die...

....# #.#.#######.#.#
...###.#.# # .......###
#...##.. #...#### #####
#....... #...# ###...# #...#
#....#### # ###...# #.##.@h#.
.# ......### #.####h#.###.#
##......# #.....h#.....#
#.#.##.####..##..#....#
#.#.##.##.....#..##.#.#
#..Z.#.##.#.###.....#.#####.#
######.(..#.# #.##..........#
###..#.# #.#...)...###
#####....##.....###..#


You could see 3 jackals.

Vanquished Creatures
  A bat (D:1)
  3 goblins (D:1)
  A hobgoblin (D:1)
  2 kobolds (D:1)
  3 rats (D:1)
10 creatures vanquished.

Vanquished Creatures (collateral kills)
  A goblin (D:1)
  A hobgoblin (D:1)
2 creatures vanquished.

Grand Total: 12 creatures vanquished

Notes
Turn   | Place    | Note
-------+----------+-------------------------------------------
     0 | D:1      | Lilu the Deep Elf Necromancer began the quest for the Orb.
     0 | D:1      | Reached XP level 1. HP: 10/10 MP: 6/6
     3 | D:1      | Learned a level 1 spell: Animate Skeleton
   448 | D:1      | Reached skill level 5 in Necromancy
   545 | D:1      | Reached XP level 2. HP: 12/15 MP: 4/8
   788 | D:1      | Slain by a jackal

Skill      XL: |  1 |
---------------+----+-----
Necromancy     | 5 |  5.1
Fighting       | |  0.4
Dodging        | |  2.7
Stealth        | |  2.4
Spellcasting   | |  3.2

Action                   || total
-------------------------++-------
Melee: Dagger            ||     4
 Cast: Pain              ||    20
       Animate Skeleton  ||     7
Armor: Robe              ||     1
Dodge: Dodged            ||     6
